 Dungeon Crawl Stone Soup version 0.26-a0-497-g0187308201 (webtiles) character file.

Game seed: 2544674814740464480

7042 Infinimo the Arsonist (level 11, -10/74 HPs)
             Began as a Hill Orc Fire Elementalist on Aug 6, 2020.
             Was an Initiate of Gozag.
             Mangled by a two-headed ogre
             ... wielding a +0 giant club
              (14 damage)
             ... on level 8 of the Dungeon.
             The game lasted 00:19:17 (16780 turns).

Infinimo the Arsonist (Hill Orc Fire Elementalist) Turns: 16780, Time: 00:19:17

Health: -10/74     AC:  7    Str: 12    XL:     11   Next: 9%
Magic:  15/19      EV: 12    Int: 24    God:    Gozag
Gold:   1434       SH:  0    Dex: 11    Spells: 16/21 levels left

rFire    . . .     SeeInvis .   n - staff of wizardry
rCold    . . .     Faith    .   (no shield)
rNeg     . . .     Spirit   .   a - +2 robe
rPois    .         Reflect  .   r - +0 helmet
rElec    .         Harm     .   d - scarf {repulsion}
rCorr    .                      x - +0 pair of gloves
MR       .....                  w - +0 pair of boots
Stlth    ++........             y - amulet of regeneration
HPRegen  0.62/turn              A - ring of flight
MPRegen  0.16/turn              C - +6 ring of intelligence

@: lethally poisoned (-10 -> -14), lightly drained, repel missiles
A: no striking features
a: Potion Petition, Call Merchant, Bribe Branch, Renounce Religion, Evoke Flight


You were on level 8 of the Dungeon.
You worshipped Gozag.
Gozag was most pleased with you.
You visited 1 branch of the dungeon, and saw 9 of its levels.

You collected 1581 gold pieces.
You spent 97 gold pieces at shops.
You paid 50 gold pieces to Gozag.

Inventory:

Hand Weapons
 o - a +3 vorpal spear
Armour
 a - a +2 robe (worn)
 d - a scarf of repulsion (worn)
 r - a +0 helmet (worn)
 w - a +0 pair of boots (worn)
 x - a +0 pair of gloves (worn)
Magical Staves
 n - an uncursed staff of wizardry (weapon)
Jewellery
 y - an amulet of regeneration (around neck)
 A - a ring of flight (left hand)
 C - a +6 ring of intelligence (right hand)
Wands
 j - a wand of acid (10)
 z - a wand of digging (3)
Scrolls
 b - 2 scrolls of amnesia
 c - a scroll of remove curse
 e - a scroll of fog
 g - 4 scrolls of teleportation
 i - 4 scrolls of enchant weapon
 s - 4 scrolls of magic mapping
 t - 4 scrolls of identify
 D - a scroll of blinking
 F - a scroll of enchant armour
Potions
 f - 2 potions of invisibility {unknown}
 h - 3 potions of brilliance
 k - 3 potions of curing
 l - 2 potions of haste {unknown}
 m - 3 potions of lignification
 p - 2 potions of resistance
 q - 2 potions of heal wounds
 u - a potion of degeneration {unknown}
 v - 2 potions of mutation
 B - a potion of might {unknown}
 E - a potion of ambrosia {unknown}


   Skills:
 - Level 1.5(1.1) Dodging
 - Level 1.5(1.1) Stealth
 + Level 5.9(5.4) Spellcasting
 * Level 10.6(10.1) Conjurations
 * Level 11.8(11.2) Fire Magic


You had 16 spell levels left.
You knew the following spells:

 Your Spells              Type           Power        Failure   Level
a - Foxfire               Conj/Fire      ####         1%          1
b - Sticky Flame          Conj/Fire      ######..     1%          4

Your spell library contained the following spells:

 Spells                   Type           Power        Failure   Level
 Conjure Flame            Conj/Fire      ######..     1%          3
 Inner Flame              Hex/Fire       ####....     1%          3
 Fireball                 Conj/Fire      ######....   1%          5


Dungeon Overview and Level Annotations

Branches:
Dungeon (9/15)             Temple (0/1) D:7
   Lair: D:8-11         Orc: D:9-12

Altars:
Ashenzari
Cheibriados
Dithmenos
Gozag
Nemelex Xobeh
The Shining One

Shops:
D:8 *

Annotations:
D:3 Soier's ghost, amateur DDFi
D:9 Erolcha


Message History

You are poisoned.
You feel yourself slow down.
You climb upwards.
You feel yourself speed up.
You feel sick.
There is a stone staircase leading down here.
You feel sick.
You feel sick. The hornet stings you!
You are more poisoned.
You feel yourself slow down.
You feel sick.
The two-headed ogre hits you with a +0 giant club!!
* * * LOW HITPOINT WARNING * * *
You feel yourself speed up.
You feel sick.
The two-headed ogre hits you with a +0 giant club.
* * * LOW HITPOINT WARNING * * *
The two-headed ogre hits you with a +0 giant club!
You die...
Your body crumbles into a pile of gold.

.#....##...........#
.#....##....##....####
.#....##....##....##.##
.#.........>.#.......<#
.#...........+........#
.#...>.......#........#
.#....##....###.....>##
##....##....###..O...##
#............(..@y....#
#.....................#
#.....................#
#######################
#


You could see a two-headed ogre and a hornet.

Vanquished Creatures
  Erica (D:8)
  A two-headed ogre (D:8)
  Pikel (D:8)
  A manticore (D:8)
  Grinder (D:6)
  2 hippogriffs
  4 yaks
  Eustachio (D:3)
  A black bear (D:8)
  An ice beast (D:7)
  3 phantoms
  5 ogres
  2 orc warriors (D:8)
  A hornet zombie (D:6)
  2 centaurs
  2 lemures (D:8)
  A big kobold (D:8)
  A water moccasin zombie (D:7)
  3 scorpions
  6 killer bees (D:8)
  15 wights
  2 howler monkeys (D:7)
  2 bullfrog zombies (D:5)
  4 centaur skeletons
  2 orc priests
  5 hounds
  5 orc wizards
  A bullfrog skeleton (D:5)
  2 iguanas
  2 worker ants
  2 hound zombies
  A hound skeleton (D:4)
  4 gnolls
  A howler monkey skeleton (D:5)
  19 adders
  3 shadow imps
  A white imp (D:5)
  An ufetubus (D:5)
  An adder zombie (D:5)
  6 worms
  A dart slug (D:4)
  7 leopard geckos
  36 orcs
  A ball python (D:4)
  9 giant cockroaches
  4 goblins
  14 hobgoblins
  7 jackals
  14 kobolds
  3 quokkas
  10 bats
  7 frilled lizards
  A jackal skeleton (D:4)
  A leopard gecko zombie (D:5)
  2 quokka skeletons
  3 quokka zombies
  7 rats
246 creatures vanquished.

Vanquished Creatures (others)
  1500 foxfires
1500 creatures vanquished.

Grand Total: 1746 creatures vanquished

Notes
Turn   | Place    | Note
-------+----------+-------------------------------------------
     0 | D:1      | Infinimo the Hill Orc Fire Elementalist began the quest for
                  | the Orb.
     0 | D:1      | Reached XP level 1. HP: 14/14 MP: 3/3
   407 | D:1      | Reached XP level 2. HP: 10/20 MP: 0/4
  1901 | D:1      | Reached XP level 3. HP: 26/26 MP: 2/5
  2216 | D:2      | Found a faded altar of an unknown god.
  2228 | D:2      | Reached skill level 4 in Fire Magic
  2638 | D:2      | Reached XP level 4. HP: 33/33 MP: 2/7
  4142 | D:2      | Reached XP level 5. HP: 34/38 MP: 2/8
  5417 | D:3      | Reached skill level 5 in Fire Magic
  5538 | D:3      | Learned a level 4 spell: Sticky Flame
  5699 | D:3      | Reached XP level 6. HP: 45/45 MP: 0/9
  6301 | D:3      | Found a runed translucent door.
  6301 | D:3      | Noticed Soier's ghost (amateur DDFi)
  6301 | D:3      | Noticed an ice beast
  6504 | D:3      | Found an opulent altar of Gozag.
  6551 | D:3      | Became a worshipper of Gozag Ym Sagoz the Greedy
  7530 | D:4      | Noticed Eustachio
  7849 | D:3      | Killed Eustachio
  7849 | D:3      | Reached skill level 6 in Fire Magic
  7849 | D:3      | Reached XP level 7. HP: 17/50 MP: 1/11
  8393 | D:4      | Reached skill level 5 in Conjurations
  8855 | D:4      | Reached XP level 8. HP: 39/57 MP: 0/12
  8998 | D:4      | Found a snail-covered altar of Cheibriados.
  9085 | D:4      | Reached skill level 7 in Fire Magic
  9381 | D:5      | Entered Level 5 of the Dungeon
 10347 | D:5      | Reached skill level 8 in Fire Magic
 10824 | D:5      | Found a shadowy altar of Dithmenos.
 11278 | D:6      | Noticed Grinder
 11284 | D:6      | Killed Grinder
 11284 | D:6      | Reached XP level 9. HP: 62/62 MP: 7/15
 12597 | D:7      | Reached skill level 9 in Fire Magic
 12651 | D:7      | Found a staircase to the Ecumenical Temple.
 13131 | D:7      | Found a flagged portal.
 13383 | D:7      | Found a shattered altar of Ashenzari.
 13383 | D:7      | Found a sparkling altar of Nemelex Xobeh.
 13458 | D:7      | Got a polished hand axe
 13459 | D:7      | Identified the cursed +0 hand axe of Urgency {holy, rC-
                  | Str+4 Dex+5 SInv} (You found it on level 7 of the Dungeon)
 13789 | D:8      | Noticed a two-headed ogre
 13797 | D:8      | Killed a two-headed ogre
 13797 | D:8      | Reached skill level 5 in Spellcasting
 13797 | D:8      | Reached skill level 10 in Fire Magic
 13797 | D:8      | Reached XP level 10. HP: 69/69 MP: 6/17
 13986 | D:8      | Noticed Pikel
 13991 | D:8      | Noticed a manticore
 13997 | D:8      | Found Wymoiqea's Assorted Antiques.
 14030 | D:8      | Bought a scroll of teleportation for 75 gold pieces
 14030 | D:8      | Bought a murky blue potion for 22 gold pieces
 14569 | D:8      | Killed a manticore
 15013 | D:8      | Killed Pikel
 15105 | D:8      | Reached skill level 11 in Fire Magic
 15433 | D:8      | Noticed Erica
 15446 | D:8      | Killed Erica
 15446 | D:8      | Reached skill level 10 in Conjurations
 15753 | D:8      | Found a glowing golden altar of the Shining One.
 16605 | D:8      | Reached XP level 11. HP: 24/74 MP: 4/19
 16754 | D:9      | Noticed a two-headed ogre
 16771 | D:9      | Noticed Erolcha
 16780 | D:8      | Mangled by a two-headed ogre

Illustrated notes

Levels and vault maps discovered:
D:1:      evilmike_arrival_rings, layout_basic
D:2:      layout_loops_cross, chequers_ecumenical_altar_twisty,
          grunt_ministairs_4, kennysheep_pointless_box, st_stairs_11
D:3:      layout_basic, nicolae_gozag_seed_capital, ebering_ghost_inner_flame,
          corexii_item_surrounded_by_moat, minmay_fractal_squares_diagonal_5
D:4:      layout_loops_cross, marbit_many_paths, uniq_eustachio
D:5:      layout_rooms, old_standard_altar, serial_undead, serial_undead_e,
          serial_undead_d, serial_undead_a, serial_undead_a, grunt_ministairs_11
D:6:      layout_loops_ring, serial_rivers, chequers_serial_rivers_micro_d,
          chequers_serial_rivers_micro_c, chequers_serial_rivers_micro_b,
          chequers_serial_rivers_room_b, chequers_serial_rivers_room_a,
          minmay_misc_feat_ornament, uniq_grinder
D:7:      layout_cave_pools, gammafunk_temple_overflow_wave,
          minmay_temple_entry_slanted, enter_bailey_2
D:8:      layout_gridville, kennysheep_mini_moat, serial_shops,
          nicolae_shop_waterfront, uniq_erica, uniq_pikel
D:9:      layout_rooms, minivault_25, uniq_erolcha

Skill      XL: |  1  2  3  4  5  6  7  8  9 10 |
---------------+-------------------------------+-----
Conjurations   | 2 3 4 5 7 8 10 | 10.6
Fire Magic     | 4 5 6 8 10 11 | 11.8
Spellcasting   | 2 3 4 5 |  5.9
Dodging        | |  1.5
Stealth        | |  1.5

Action                   |  1- 3 |  4- 6 |  7- 9 | 10-12 || total
-------------------------+-------+-------+-------+-------++-------
Melee: Unarmed           |    37 |       |       |       ||    37
       Whip              |    16 |     2 |       |       ||    18
       Spear             |       |    26 |       |       ||    26
       Staff             |       |       |     8 |       ||     8
 Cast: Foxfire           |    80 |   277 |   382 |   222 ||   961
       Sticky Flame      |       |     2 |     5 |    23 ||    30
  Use: Scroll            |       |    13 |     9 |     2 ||    24
       Potion            |       |     1 |       |     1 ||     2
 Stab: Sleeping          |     1 |       |       |       ||     1
Armor: Robe              |     8 |     8 |    20 |    22 ||    58
Dodge: Dodged            |    41 |    57 |    44 |    86 ||   228

Table legend: (Time is in decaauts)
 A = Elapsed time spent in this place.
 B = Non-inter-level travel time spent in this place.
 C = Inter-level travel time spent in this place.
 D = Time resting spent in this place.
 E = Time spent auto-exploring this place.
 F = Levels seen in this place.
 G = Mean time per level.
                   A        B        C        D        E       F      G
               +--------+--------+--------+--------+--------+-----+--------+
         Total |  16794 |  16154 |    640 |     66 |  13673 |   9 | 1866.0 |
       Dungeon |  16794 |  16154 |    640 |     66 |  13673 |   9 | 1866.0 |
               +--------+--------+--------+--------+--------+-----+--------+

Top non-repeatable levels by time:
     D:8: 3001 daAuts
     D:1: 2680 daAuts
     D:3: 2563 daAuts
     D:2: 2168 daAuts
     D:4: 2167 daAuts
     D:5: 1590 daAuts
     D:6: 1322 daAuts
     D:7: 1070 daAuts
     D:9: 228 daAuts
